[Event "Team 45 45 League T82"]
[Site "Internet Chess Club"]
[Date "2019.09.28"]
[Round "1"]
[White "Electryon"]
[Black "olivermx"]
[Result "1-0"]
[WhiteElo "1467"]
[BlackElo "1253"]
[Opening "English opening"]
[ECO "A05"]
[Time "11:01:18"]
[TimeControl "2700+45"]

1. Nf3 Nf6 2. c4 e6 3. g3 c6 4. Bg2 d5 5. b3 Nbd7 6. O-O Be7 7. d4 O-O 8. Nc3 b6
9. cxd5 cxd5 10. Bb2 Bb7 11. Rc1 a6 12. Re1 Rc8 13. e3 Bd6 14. Re2 b5 15. Rec2
Qe7 16. Nb1 Nb6 17. a3 Rxc2 18. Rxc2 Rc8 19. Rxc8+ Nxc8 20. Qc2 Qc7 21. Qxc7
Bxc7 22. Ne1 Nb6 23. Nd3 Nbd7 24. b4 h6 25. Nc5 Bc8 26. Nc3 Nb6 27. a4 bxa4 28.
N3xa4 Nc4 29. Bc1 Nd6 30. Bf1 Nb5 31. Bxb5 axb5 32. Nc3 Nd7 33. Nxb5 Bd8 34. f3
Nb6 35. Kf2 g5 36. g4 Bd7 37. Nxd7 Nxd7 38. Ke2 Nb6 39. Kd3 Kf8 40. Na7 Bc7 41.
h3 Ke8 42. Nc6 f6 43. Kc3 Kd7 44. b5 Ke8 45. Kb4 Bd6+ 46. Ka5 Bc7 47. Ka6 Kd7
48. Nb8+ Bxb8 49. Kxb6 Bc7+ 50. Ka7 Kc8 51. Ba3 Bb8+ 52. Ka6 Kc7 53. Bf8 {Black
resigns} 1-0

[Event "Team 45 45 League T82"]
[Site "Internet Chess Club"]
[Date "2019.09.28"]
[Round "1"]
[White "JPSVI"]
[Black "Egmont"]
[Result "1-0"]
[WhiteElo "1634"]
[BlackElo "1583"]
[Opening "Réti: King's Indian attack (Barcza system)"]
[ECO "A07"]
[Time "09:58:27"]
[TimeControl "2700+45"]

1. Nf3 d5 2. g3 Nf6 3. Bg2 c6 4. O-O Bf5 5. d3 h6 6. c4 e6 7. cxd5 exd5 8. Nc3
Bc5 9. e4 dxe4 10. dxe4 Qxd1 11. Rxd1 Be6 12. e5 Ng4 13. Ne4 Nxf2 14. Nxf2 Nd7
15. b3 O-O 16. Bb2 Rad8 17. Kf1 Rfe8 18. Rac1 Bb6 19. Bd4 c5 20. Bb2 Bf5 21. Bh3
Bxh3+ 22. Nxh3 g5 23. g4 Bc7 24. Rd5 b6 25. Rcd1 Nf8 26. Rxd8 Rxd8 27. Rxd8 Bxd8
28. Nf2 Ne6 29. Ne4 Nf4 30. Ne1 Kf8 31. Kf2 Ke7 32. Ke3 Ke6 33. Nd3 Ng6 34. Nd6
Be7 35. Nc8 {Black resigns} 1-0

[Event "Team 45 45 League T82"]
[Site "Internet Chess Club"]
[Date "2019.09.28"]
[Round "1"]
[White "Constrictor"]
[Black "Skeptic1972"]
[Result "0-1"]
[WhiteElo "1539"]
[BlackElo "1460"]
[Opening "Nimzovich-Larsen attack: modern variation"]
[ECO "A01"]
[Time "14:01:09"]
[TimeControl "2700+45"]

1. b3 e5 2. Bb2 Nc6 3. e3 d5 4. Bb5 Bd6 5. f4 Qe7 6. Nf3 f6 7. fxe5 fxe5 8.
Bxc6+ bxc6 9. Nxe5 Nf6 10. Nxc6 Qe4 11. Qf3 Qxc2 12. Bxf6 Qxc6 13. Bxg7 Qc1+ 14.
Qd1 Qxd1+ 15. Kxd1 Rg8 16. Bh6 Rxg2 17. h3 Bf5 18. Nc3 O-O-O 19. Rc1 Ba3 20. Nb5
Bxc1 21. Kxc1 Kb7 22. Bf4 Rdg8 23. Nxc7 Rc8 24. Rf1 Bxh3 25. Rh1 Bf5 26. Rh5 Be4
27. d3 Bxd3 28. Rxd5 Rc2+ 29. Kd1 Rg8 30. Rxd3 Rxa2 {White resigns} 0-1

[Event "Team 45 45 League T82"]
[Site "Internet Chess Club"]
[Date "2019.09.27"]
[Round "1"]
[White "fireball"]
[Black "Hal2001"]
[Result "1/2-1/2"]
[WhiteElo "1499"]
[BlackElo "1523"]
[Opening "Robatsch defense: three pawns attack"]
[ECO "B06"]
[Time "09:02:53"]
[TimeControl "2700+45"]

1. e4 g6 2. d4 Bg7 3. f4 d5 4. e5 c5 5. c3 cxd4 6. cxd4 Nc6 7. Nf3 Bg4 8. Be2
Nh6 9. h3 Bxf3 10. Bxf3 Nf5 11. O-O O-O 12. Nc3 e6 13. Ne2 Qb6 14. Qd3 Nfxd4 15.
Be3 Nxf3+ 16. Rxf3 Qxb2 17. Rb1 Qxa2 18. Rxb7 Rab8 19. Rxb8 Rxb8 20. Nc1 Qa1 21.
Rf1 Qb1 22. Qc3 Qb7 23. Nd3 d4 24. Bxd4 Nxd4 25. Qxd4 Qb6 26. Qxb6 axb6 27. Rb1
Bf8 28. Kf2 Kg7 29. Ke3 f6 30. exf6+ Kxf6 31. Ke4 Bd6 32. g4 h6 33. Rb5 Bc7 34.
h4 Ra8 35. g5+ hxg5 36. hxg5+ Kg7 37. Rb4 Ra7 38. Ne5 Ra5 39. Rd4 Bxe5 40. fxe5
b5 41. Rd7+ Kf8 42. Rb7 Ra4+ 43. Kf3 Rb4 44. Rb6 Ke7 45. Rb7+ Kf8 46. Rb6 Rb3+
47. Kf4 Ke7 48. Rb7+ Kd8 49. Rg7 b4 50. Rxg6 Kd7 51. Rg7+ Kc6 52. Re7 Kd5 53.
Rd7+ Kc6 54. Rd6+ Kc7 55. Rxe6 Rb1 56. g6 Kd7 57. Rf6 Rg1 58. Rb6 b3 59. Rxb3
Rxg6 60. Kf5 Rg1 61. Rb7+ Ke8 62. Kf6 Rf1+ 63. Ke6 Kd8 64. Rh7 Re1 65. Rd7+ Ke8
66. Ra7 Kd8 67. Ra8+ Kc7 68. Kf7 Rxe5 69. Ra7+ Kb6 70. Re7 Rxe7+ 71. Kxe7 {Game
drawn because neither player has mating material} 1/2-1/2

[Event "Team 45 45 League T82"]
[Site "Internet Chess Club"]
[Date "2019.09.25"]
[Round "1"]
[White "QuieroAprender"]
[Black "Portola"]
[Result "1-0"]
[WhiteElo "1631"]
[BlackElo "1662"]
[Opening "French: Réti (Spielmann) variation"]
[ECO "C00"]
[Time "17:30:15"]
[TimeControl "2700+45"]

1. e4 e6 2. b3 d5 3. exd5 exd5 4. Bb2 Nf6 5. Bb5+ c6 6. Be2 Be7 7. Nf3 h6 8. d4
Bf5 9. O-O O-O 10. Ne5 Nbd7 11. Nd2 Bd6 12. Ndf3 Qc7 13. h3 Be4 14. Bd3 Bxf3 15.
Nxf3 Rfe8 16. Re1 Rxe1+ 17. Qxe1 Re8 18. Qf1 Ne4 19. Re1 Ndf6 20. Re2 Re6 21.
Qe1 Qe7 22. Ne5 Qe8 23. f3 Ng5 24. h4 Ngh7 25. g4 Bxe5 26. Rxe5 Nd7 27. Rxe6
Qxe6 28. Qxe6 fxe6 29. Kg2 g5 30. h5 Nhf6 31. Kg3 Kg7 32. c4 Kf7 33. f4 gxf4+
34. Kxf4 Kg7 35. a4 Kf7 36. Bg6+ Kg7 37. c5 Nf8 38. Bd3 N8d7 39. b4 a6 40. b5
axb5 41. axb5 cxb5 42. Bxb5 Kf7 43. Bc3 Nb8 44. Bd3 Nc6 45. Bg6+ Kg7 46. g5
hxg5+ 47. Kxg5 Ne4+ 48. Bxe4 dxe4 49. d5+ Kh7 50. dxc6 bxc6 51. Bd4 {Black
resigns} 1-0

[Event "Team 45 45 League T82"]
[Site "Internet Chess Club"]
[Date "2019.09.29"]
[Round "1"]
[White "scostanzo212"]
[Black "andrew37"]
[Result "1-0"]
[WhiteElo "1606"]
[BlackElo "1627"]
[Opening "King's Indian: Petrosian system"]
[ECO "E92"]
[Time "17:03:35"]
[TimeControl "2700+45"]

1. d4 Nf6 2. c4 g6 3. Nc3 Bg7 4. e4 O-O 5. Nf3 d6 6. Be2 e5 7. d5 Na6 8. O-O Nc5
9. Qc2 a6 10. b4 Ncd7 11. Bg5 h6 12. Bh4 g5 13. Bg3 Nh5 14. Nd2 Nf4 15. f3 Nf6
16. Bf2 Nxe2+ 17. Nxe2 Nh5 18. c5 f5 19. cxd6 cxd6 20. Rac1 f4 21. Qc7 g4 22.
Qxd8 Rxd8 23. Rc7 b5 24. Rfc1 Nf6 25. Bh4 gxf3 26. gxf3 Bh3 27. Kf2 Rac8 28. Nb3
Rxc7 29. Rxc7 Rd7 30. Rc6 Rd8 31. Rxa6 Rc8 32. Rc6 Kf7 33. Nc3 Ke7 34. Nxb5 Bd7
35. Rxc8 Bxc8 36. Nc3 Kd7 37. Bxf6 Bxf6 38. a4 Bh4+ 39. Kf1 Bd8 40. b5 Bb6 41.
a5 Be3 42. Nd1 Ba7 43. b6 Ba6+ 44. Ke1 Bb8 45. Nb2 Kc8 46. Kd2 Kb7 47. Nd3 Bc4
48. Kc3 Bb5 49. Nb4 Be2 50. Nd2 Bb5 51. Nc4 Ba6 52. Nxa6 Kxa6 53. Kb4 h5 54. h4
Kb7 55. Kb5 {Black resigns} 1-0

[Event "Team 45 45 League T82"]
[Site "Internet Chess Club"]
[Date "2019.09.30"]
[Round "1"]
[White "isolani"]
[Black "nosir"]
[Result "1/2-1/2"]
[WhiteElo "1349"]
[BlackElo "1394"]
[Opening "King's Indian: 5.Nf3"]
[ECO "E90"]
[Time "19:02:35"]
[TimeControl "2700+45"]

1. d4 g6 2. Nf3 Bg7 3. c4 d6 4. Nc3 Nf6 5. e4 Nc6 6. Be3 Bg4 7. Be2 O-O 8. O-O
Bxf3 9. Bxf3 e6 10. Rc1 a6 11. Qd2 Rc8 12. Bg5 Qe8 13. e5 Nd7 14. Bxc6 bxc6 15.
f4 f6 16. exf6 Nxf6 17. b4 Qd7 18. Rcd1 d5 19. c5 Rf7 20. Rde1 Re8 21. a4 Rb8
22. Bxf6 Bxf6 23. Ne2 Bg7 24. Kh1 Rbf8 25. g3 e5 26. dxe5 Bxe5 27. Kg2 Bg7 28.
Nd4 Bxd4 29. Qxd4 Qf5 30. Rf2 g5 31. Re5 Qf6 32. Rxg5+ {Game drawn by mutual
agreement} 1/2-1/2

[Event "Team 45 45 League T82"]
[Site "Internet Chess Club"]
[Date "2019.09.27"]
[Round "1"]
[White "g8wrb"]
[Black "Balderdash"]
[Result "0-1"]
[WhiteElo "1300"]
[BlackElo "1348"]
[Opening "Nimzovich-Larsen attack: modern variation"]
[ECO "A01"]
[Time "13:10:35"]
[TimeControl "2700+45"]

1. b3 e5 2. Bb2 Nc6 3. Nc3 Nf6 4. e3 d5 5. Bb5 Bd7 6. Nf3 Bd6 7. O-O a6 8. Bxc6
Bxc6 9. d3 Qe7 10. Re1 O-O-O 11. Qc1 e4 12. dxe4 dxe4 13. Nd4 Qe5 14. f4 Qe8 15.
Nf5 g6 16. Nxd6+ Rxd6 17. Ne2 Rg8 18. c4 Ng4 19. Nd4 Bd7 20. c5 Rd5 21. Qc4 Rh5
22. h3 Nh6 23. Qf1 Nf5 24. Nxf5 gxf5 25. Kh2 Rg6 26. Rad1 Bb5 27. Qf2 Bd3 28.
Be5 f6 29. Bd4 Qf8 30. Qb2 c6 31. Rd2 Rhh6 32. a4 Rg8 33. b4 Qg7 34. Qa3 Qg3+
35. Kh1 Qxe1+ {White resigns} 0-1

[Event "Team 45 45 League T82"]
[Site "Internet Chess Club"]
[Date "2019.09.29"]
[Round "1"]
[White "BrianWood"]
[Black "joaoazm"]
[Result "0-1"]
[WhiteElo "1615"]
[BlackElo "1778"]
[Opening "QGD: classical variation (5.Bf4)"]
[ECO "D37"]
[Time "19:01:50"]
[TimeControl "2700+45"]

1. d4 Nf6 2. c4 e6 3. Nf3 d5 4. Nc3 Be7 5. Bf4 O-O 6. e3 c5 7. dxc5 Bxc5 8. cxd5
Nxd5 9. Nxd5 exd5 10. a3 Nc6 11. Bd3 Bb6 12. O-O Bg4 13. h3 Bh5 14. Rc1 Rc8 15.
Bf5 Ra8 16. b4 Re8 17. g4 Bg6 18. Bxg6 hxg6 19. Qb3 d4 20. exd4 Nxd4 21. Nxd4
Qxd4 22. Bg3 Rac8 23. Rxc8 Rxc8 24. Rd1 Rc3 25. Rxd4 Rxb3 26. Rd7 Rxg3+ {White
resigns} 0-1

[Event "Team 45 45 League T82"]
[Site "Internet Chess Club"]
[Date "2019.09.26"]
[Round "1"]
[White "akshayk06"]
[Black "President"]
[Result "0-1"]
[WhiteElo "1429"]
[BlackElo "1686"]
[Opening "Queen's bishop game"]
[ECO "D02"]
[Time "12:02:39"]
[TimeControl "2700+45"]

1. d4 Nf6 2. Nf3 d5 3. Bf4 Bf5 4. e3 c6 5. Bd3 Bxd3 6. Qxd3 e6 7. O-O Be7 8. c4
O-O 9. Nbd2 Nbd7 10. Ne5 h6 11. Rac1 Nh5 12. Bg3 Nxg3 13. fxg3 Nxe5 14. dxe5
dxc4 15. Qxd8 Rfxd8 16. Nxc4 Rd5 17. Rfd1 Rad8 18. Rxd5 Rxd5 19. a4 b5 20. Na5
Bc5 21. Kf2 Rxe5 22. Kf3 bxa4 23. Nxc6 Rxe3+ 24. Kf4 Bb6 25. Ne7+ Kh7 26. Nc8
Rb3 27. Rc2 h5 28. g4 Rb4+ {White resigns} 0-1

[Event "Team 45 45 League T82"]
[Site "Internet Chess Club"]
[Date "2019.09.26"]
[Round "1"]
[White "liujf"]
[Black "Mitochondria"]
[Result "1/2-1/2"]
[WhiteElo "1540"]
[BlackElo "1475"]
[Opening "Sicilian: closed"]
[ECO "B23"]
[Time "20:01:26"]
[TimeControl "2700+45"]

1. e4 c5 2. Nc3 d6 3. f4 Nc6 4. Nf3 Bg4 5. Bc4 Nf6 6. h3 Bxf3 7. Qxf3 Nd4 8. Qd1
e6 9. Ne2 b5 10. e5 bxc4 11. exf6 Qxf6 12. Nxd4 Qh4+ 13. Kf1 cxd4 14. d3 Be7 15.
dxc4 Qf6 16. Qd3 O-O 17. g3 Rfd8 18. b3 d5 19. cxd5 Rxd5 20. Kg2 Qf5 21. Rd1 Bf6
22. Bb2 Rc8 23. Rac1 h5 24. Qxf5 exf5 25. Kf3 Rcd8 26. b4 Kf8 27. a3 Re8 28. Rd3
Rd7 29. Rcd1 Rde7 30. b5 Re2 31. R1d2 Re1 32. a4 Rf1+ 33. Kg2 Ree1 34. Bxd4 Bxd4
35. Rxd4 Rg1+ 36. Kf2 Rgf1+ 37. Kg2 Rg1+ 38. Kf2 {Game drawn by mutual
agreement} 1/2-1/2

[Event "Team 45 45 League T82"]
[Site "Internet Chess Club"]
[Date "2019.10.01"]
[Round "1"]
[White "dabodhi"]
[Black "Visin"]
[Result "1-0"]
[WhiteElo "1332"]
[BlackElo "1245"]
[Opening "Scotch gambit"]
[ECO "C44"]
[Time "15:04:06"]
[TimeControl "2700+45"]

1. e4 e5 2. Nf3 Nc6 3. d4 exd4 4. Bc4 h6 5. O-O Bc5 6. c3 Nge7 7. cxd4 Bb6 8. d5
Na5 9. Be2 Bc5 10. Bd2 Bb6 11. b4 Nac6 12. dxc6 dxc6 13. a4 a6 14. Qb3 O-O 15.
Rd1 Be6 16. Bc4 Bxc4 17. Qxc4 Ng6 18. Nc3 Qf6 19. Be3 Rfd8 20. Bd4 Bxd4 21. Rxd4
Ne5 22. Rxd8+ Rxd8 23. Nxe5 Qxe5 24. Rd1 Rxd1+ 25. Nxd1 Qa1 26. Qc2 Qd4 27. b5
cxb5 28. axb5 axb5 29. g3 c6 30. Kg2 b4 31. Nb2 b3 32. Qxb3 Qxe4+ 33. Qf3 Qe6
34. Nd3 b6 35. Qf4 c5 36. Qe5 Qc6+ 37. f3 c4 38. Nb4 Qc8 39. Nd5 Qb7 40. Qe8+
Kh7 41. Qe4+ g6 42. Nf6+ Kg7 43. Qxb7 c3 {Black resigns} 1-0

[Event "Team 45 45 League T82"]
[Site "Internet Chess Club"]
[Date "2019.09.29"]
[Round "1"]
[White "primerpaso"]
[Black "Ajolote"]
[Result "1-0"]
[WhiteElo "1799"]
[BlackElo "1902"]
[Opening "English: symmetrical variation"]
[ECO "A36"]
[Time "19:01:25"]
[TimeControl "2700+45"]

1. c4 c5 2. Nc3 Nc6 3. g3 e6 4. Nf3 Nge7 5. Bg2 g6 6. O-O Bg7 7. b3 O-O 8. Bb2
Nf5 9. Na4 d6 10. Bxg7 Kxg7 11. e3 Qf6 12. Qe2 Rd8 13. Rad1 Bd7 14. Nc3 a6 15.
Ne4 Qe7 16. d4 cxd4 17. exd4 d5 18. Nc3 dxc4 19. bxc4 Qb4 20. Ne4 Na5 21. Ned2
Bc6 22. a3 Qd6 23. Ne4 Bxe4 24. Qxe4 Nxc4 25. Qxb7 Qxa3 26. Ra1 Qd6 27. Ng5 Ne7
28. Qf3 f6 29. Ne4 Qxd4 30. Rfe1 Nd5 31. Rad1 Qb6 32. Rb1 Qa7 33. Qe2 Ne5 34.
Nxf6 Nd3 35. Nxd5 Nxe1 36. Qe5+ Kh6 37. Qf4+ Kg7 38. Qf6+ Kh6 39. Qh4+ Kg7 40.
Rxe1 Rxd5 41. Bxd5 Rf8 42. Re2 exd5 43. Re7+ {Black resigns} 1-0

[Event "Team 45 45 League T82"]
[Site "Internet Chess Club"]
[Date "2019.09.24"]
[Round "1"]
[White "joaoazm"]
[Black "QuieroAprender"]
[Result "1-0"]
[WhiteElo "1768"]
[BlackElo "1612"]
[Opening "Scotch gambit: Benima defense"]
[ECO "C50"]
[Time "19:00:45"]
[TimeControl "2700+45"]

1. e4 e5 2. Nf3 Nc6 3. Bc4 Be7 4. d4 exd4 5. Nxd4 Ne5 6. Bb3 c6 7. Nf5 Bf6 8. f4
Ng6 9. Nd6+ Kf8 10. Nxf7 Qe7 11. e5 d5 12. Nxh8 Nxf4 13. O-O Bxe5 14. Bxf4 Nf6
15. Re1 Qc5+ 16. Be3 d4 17. Bf2 Bg4 18. Qc1 Re8 19. Nf7 Bxh2+ 20. Kxh2 Qh5+ 21.
Kg1 Be2 22. Bxd4 Ng4 23. Qf4 Re4 24. Qd6+ Re7 25. Rxe2 {Black resigns} 1-0

[Event "Team 45 45 League T82"]
[Site "Internet Chess Club"]
[Date "2019.09.29"]
[Round "1"]
[White "kabindra"]
[Black "nealbruce"]
[Result "0-1"]
[WhiteElo "1638"]
[BlackElo "1684"]
[Opening "Scotch gambit: Dubois-Réti defense"]
[ECO "C55"]
[Time "17:00:58"]
[TimeControl "2700+45"]

1. e4 e5 2. Nf3 Nc6 3. Bc4 Nf6 4. d4 exd4 5. e5 d5 6. Bb5 Ne4 7. Nxd4 Bd7 8.
Bxc6 bxc6 9. O-O Bc5 10. f3 Ng5 11. f4 Ne4 12. Nc3 Nxc3 13. bxc3 O-O 14. Kh1 Rb8
15. f5 Qe7 16. Bf4 Bxd4 17. cxd4 Bxf5 18. Qd2 Rb2 19. Bg5 Qe6 20. Rac1 Rxa2 21.
Qf4 Bxc2 22. Rf2 Bb3 23. Rf3 Bc4 24. Rg3 Kh8 25. Bf6 gxf6 26. exf6 Rg8 27. Rxg8+
Kxg8 28. Qg3+ Kf8 29. Qg7+ Ke8 30. Qg3 Kd7 31. Re1 Re2 32. Rf1 Re3 {White
resigns} 0-1

[Event "Team 45 45 League T82"]
[Site "Internet Chess Club"]
[Date "2019.09.25"]
[Round "1"]
[White "cool64chess"]
[Black "room-matt"]
[Result "0-1"]
[WhiteElo "1921"]
[BlackElo "1828"]
[Opening "Budapest defense"]
[ECO "A52"]
[Time "14:07:07"]
[TimeControl "2700+45"]

1. d4 Nf6 2. c4 e5 3. dxe5 Ng4 4. Nh3 Nxe5 5. e3 g6 6. Nf4 Bg7 7. Bd2 d6 8. Bc3
O-O 9. Be2 Nbd7 10. O-O a5 11. Nd2 Nc5 12. Rc1 b6 13. Nd5 Re8 14. b3 Bb7 15. Qc2
c6 16. Nf4 Bc8 17. Rfd1 Bf5 18. Qb2 g5 19. Nh5 Ncd3 20. Bxd3 Nxd3 21. Qa1 Nxc1
22. Bxg7 Ne2+ 23. Kh1 Re6 24. Bf6 Qf8 25. Bxg5 Bc2 26. Re1 Bd3 27. Nf6+ Kh8 28.
Nd7+ Qg7 29. Bf6 Rxf6 30. Nxf6 Rd8 31. Nf3 h6 32. Rd1 Bc2 33. Re1 Bd3 34. a3 b5
35. cxb5 Bxb5 36. Rd1 a4 37. bxa4 Bxa4 38. Rd2 Bb5 39. Qb2 d5 40. a4 Ba6 41. Ne5
d4 42. Qb6 Ra8 43. Qxc6 Rc8 44. Qxc8+ Bxc8 45. Rxe2 Qxf6 46. exd4 Qf4 47. Nd3
Qxd4 48. Re8+ Kg7 49. Rxc8 Qxd3 50. Rc1 Qa3 51. Rf1 Qxa4 52. h3 f5 53. f4 Kg6
54. Kh2 Qe4 55. Rf3 h5 56. Rf1 Qe2 57. Rf3 h4 58. Kg1 Kf6 {White resigns} 0-1

[Event "Team 45 45 League T82"]
[Site "Internet Chess Club"]
[Date "2019.09.27"]
[Round "1"]
[White "Packerfan"]
[Black "mccannj"]
[Result "1-0"]
[WhiteElo "1796"]
[BlackElo "1773"]
[Opening "Scandinavian defense"]
[ECO "B01"]
[Time "15:01:09"]
[TimeControl "2700+45"]

1. e4 d5 2. exd5 Nf6 3. d4 Bg4 4. Nf3 Qxd5 5. Be2 Nc6 6. O-O e6 7. c4 Qf5 8. h3
Bxf3 9. Bxf3 Bd6 10. Nc3 O-O 11. Be3 Rfd8 12. Qe2 Rab8 13. a3 a6 14. Bxc6 bxc6
15. c5 Be7 16. Qxa6 Rxb2 17. Qxc6 Qd3 18. Rac1 Rb3 19. Rfd1 Qf5 20. a4 Ra3 21.
Qxc7 Rd7 22. Qb8+ Rd8 23. Qb4 Rxc3 24. Qxc3 Nd5 25. Qc2 Nxe3 26. fxe3 Qg5 27.
Re1 {Black resigns} 1-0

[Event "Team 45 45 League T82"]
[Site "Internet Chess Club"]
[Date "2019.09.29"]
[Round "1"]
[White "evan7284"]
[Black "WillC"]
[Result "1-0"]
[WhiteElo "1669"]
[BlackElo "1596"]
[Opening "Queen's pawn: London system"]
[ECO "A45"]
[Time "15:30:40"]
[TimeControl "2700+45"]

1. d4 Nf6 2. Bf4 g6 3. Nc3 Bg7 4. e4 d6 5. Qd2 O-O 6. h4 e5 7. dxe5 dxe5 8. Qxd8
Rxd8 9. Bxe5 Re8 10. Bxf6 Bxf6 11. f3 Bxc3+ 12. bxc3 f5 13. Bd3 fxe4 14. fxe4
Bf5 15. O-O-O Bxe4 16. Bxe4 Rxe4 17. Rd8+ Kg7 18. Nf3 Re7 19. Rhd1 h6 20. Rc8 a5
21. Rdd8 Re2 22. Rxb8 Ra6 23. Rd7+ Kf6 24. Rxc7 Rxg2 25. Rbxb7 Kf5 26. Rc4 Rf2
27. Rb5+ Kf6 28. Nd2 Rh2 29. Ne4+ Ke7 30. Nc5 Rf6 31. Re4+ Kd6 32. Rb6+ Kxc5 33.
Rxf6 {Black resigns} 1-0

[Event "Team 45 45 League T82"]
[Site "Internet Chess Club"]
[Date "2019.09.25"]
[Round "1"]
[White "Gojira"]
[Black "zugknightly"]
[Result "0-1"]
[WhiteElo "1598"]
[BlackElo "1675"]
[Opening "Queen's pawn: London system"]
[ECO "A45"]
[Time "20:31:01"]
[TimeControl "2700+45"]

1. d4 Nf6 2. Bf4 g6 3. Nc3 Bg7 4. Qd2 d6 5. Bh6 O-O 6. Bxg7 Kxg7 7. O-O-O c6 8.
h4 h5 9. e4 Qa5 10. Bd3 b5 11. e5 dxe5 12. dxe5 Ng4 13. a3 Nxe5 14. Re1 Nxd3+
15. Qxd3 Rd8 16. Qe4 Be6 17. Nf3 Rd6 18. Nd4 b4 19. Nxe6+ Rxe6 20. Qxb4 Qxb4 21.
axb4 Rxe1+ 22. Rxe1 e6 23. Rd1 Na6 24. b5 cxb5 25. Nxb5 Nc5 26. Rd4 a6 27. Nc3
Rc8 28. Na4 Nb3+ {White resigns} 0-1

[Event "Team 45 45 League T82"]
[Site "Internet Chess Club"]
[Date "2019.09.29"]
[Round "1"]
[White "julesraider"]
[Black "clarinetref"]
[Result "1-0"]
[WhiteElo "1636"]
[BlackElo "1500"]
[Opening "King's Indian: 3.g3, counterthrust variation"]
[ECO "D71"]
[Time "20:04:26"]
[TimeControl "2700+45"]

1. d4 Nf6 2. g3 g6 3. Bg2 Bg7 4. c4 d5 5. Nc3 dxc4 6. Qa4+ c6 7. Qxc4 Be6 8. Qd3
Nd5 9. a3 Na6 10. Nxd5 cxd5 11. Nf3 O-O 12. Bf4 Bf5 13. Qb3 Qd7 14. O-O b6 15.
Ne5 Bxe5 16. dxe5 Nc5 17. Qxd5 Rad8 18. Rad1 Qa4 19. b3 Qxb3 20. Qxb3 Nxb3 21.
Bh6 Rfe8 22. Bd5 Nc5 23. f3 Be6 24. e4 Bh3 25. Rfe1 e6 26. Bc6 Rxd1 27. Rxd1 Rc8
28. g4 f5 29. exf6 Kf7 30. e5 Rxc6 31. Rd8 Nd7 32. Rxd7+ Ke8 33. f7+ Kxd7 34.
f8=Q Rc1+ 35. Bxc1 {Black resigns} 1-0

[Event "Team 45 45 League T82"]
[Site "Internet Chess Club"]
[Date "2019.09.28"]
[Round "1"]
[White "sdcohle"]
[Black "Toalla"]
[Result "1-0"]
[WhiteElo "1270"]
[BlackElo "1229"]
[Opening "Van't Kruijs opening"]
[ECO "A00"]
[Time "17:01:01"]
[TimeControl "2700+45"]

1. e3 e5 2. c4 Nf6 3. Nc3 d5 4. cxd5 Nxd5 5. Nge2 Be6 6. d4 exd4 7. exd4 Bb4 8.
Bd2 Nxc3 9. Bxc3 Bxc3+ 10. bxc3 O-O 11. Nf4 Bd5 12. Be2 Re8 13. O-O b6 14. Nxd5
Qxd5 15. Bf3 Re4 16. Bxe4 Qxe4 17. Re1 Qc6 18. Qe2 Nd7 19. c4 Kf8 20. d5 Qd6 21.
Qe3 Nf6 22. h3 Re8 23. Qd3 c5 24. Rxe8+ Kxe8 25. Re1+ Kd7 26. Qf5+ Kc7 27. Qe5
Qxe5 28. Rxe5 Kd6 29. f4 Nd7 30. Re3 Nf6 31. a4 Nd7 32. Kf2 h6 33. g4 g5 34. Kf3
a5 35. fxg5 hxg5 36. Ke4 f6 37. Kf5 Kc7 38. Rb3 Kb7 39. Ke6 Kc7 40. d6+ Kc6 41.
Rc3 {Black resigns} 1-0

[Event "Team 45 45 League T82"]
[Site "Internet Chess Club"]
[Date "2019.09.26"]
[Round "1"]
[White "olivermx"]
[Black "gregorgg"]
[Result "1-0"]
[WhiteElo "1261"]
[BlackElo "1184"]
[Opening "Sicilian"]
[ECO "B50"]
[Time "16:01:48"]
[TimeControl "2700+45"]

1. e4 c5 2. Nf3 d6 3. Bc4 g6 4. c3 Bg7 5. h3 Nc6 6. Bb3 e6 7. d3 Nge7 8. Be3 O-O
9. O-O b6 10. Qc1 Ba6 11. Bc2 d5 12. exd5 exd5 13. Bf4 Re8 14. Re1 Qd7 15. Nbd2
Nf5 16. Nf1 Rxe1 17. Qxe1 Re8 18. Qd2 Bb7 19. Ne3 d4 20. Nxf5 Qxf5 21. c4 Nb4
22. Bg3 Nxc2 23. Qxc2 Bxf3 24. gxf3 Qxf3 25. Qa4 Be5 26. Qxe8+ {Black resigns}
1-0

[Event "Team 45 45 League T82"]
[Site "Internet Chess Club"]
[Date "2019.09.30"]
[Round "1"]
[White "seldredg"]
[Black "kabubi"]
[Result "1-0"]
[WhiteElo "1385"]
[BlackElo "1167"]
[Opening "Queen's pawn, Mason variation"]
[ECO "D00"]
[Time "21:03:52"]
[TimeControl "2700+45"]

1. d4 d5 2. Bf4 Nc6 3. e3 f6 4. Nc3 e5 5. dxe5 fxe5 6. Bg3 Bb4 7. a3 Bxc3+ 8.
bxc3 Nge7 9. Nf3 Ng6 10. Bb5 e4 11. Nd4 Bd7 12. c4 Nxd4 13. Qxd4 Bxb5 14. cxb5
Qd7 15. a4 O-O 16. c4 c6 17. Rc1 Ne7 18. O-O Nf5 19. Qd1 Nxg3 20. fxg3 Rxf1+ 21.
Qxf1 Rf8 22. Qe2 Qd6 23. Qb2 Qc5 24. Qc3 g6 25. cxd5 Qxc3 26. Rxc3 cxd5 27. Rc7
Rb8 28. Rd7 Rc8 29. Rxb7 Rc1+ 30. Kf2 Rc2+ 31. Kf1 Rb2 32. Rxa7 Rb1+ 33. Kf2
Rb2+ 34. Kf1 Rb1+ 35. Ke2 Rb2+ 36. Kd1 Rxg2 37. b6 Rg1+ 38. Kc2 Rg2+ 39. Kb3
{Black resigns} 1-0

[Event "Team 45 45 League T82"]
[Site "Internet Chess Club"]
[Date "2019.09.28"]
[Round "1"]
[White "scostanzo212"]
[Black "smsxman"]
[Result "1-0"]
[WhiteElo "1587"]
[BlackElo "1340"]
[Opening "Queen's pawn"]
[ECO "A40"]
[Time "10:01:37"]
[TimeControl "2700+45"]

1. d4 e6 2. c4 c5 3. d5 d6 4. Nc3 Nf6 5. e4 Bd7 6. f4 e5 7. Nf3 Bg4 8. Be2 Bxf3
9. Bxf3 Nbd7 10. O-O Be7 11. f5 Nb6 12. b3 a5 13. Kh1 Qc7 14. Nb5 Qd8 15. Nc3
Qc7 16. Nb5 Qd8 17. g4 h6 18. g5 hxg5 19. Bxg5 Qd7 20. Rg1 Kf8 21. Qe2 a4 22.
Qg2 axb3 23. axb3 Rxa1 24. Rxa1 Nh7 25. Bd2 Bf6 26. Ba5 Nc8 27. Bc7 Ke7 28. Ra8
Rf8 29. Qa2 Ng5 30. Bg2 g6 31. Rb8 b6 32. Rb7 Ke8 33. Qa8 Bd8 34. Bxb6 Qxb7 35.
Qxb7 Nxb6 36. Nxd6# {Black checkmated} 1-0

[Event "Team 45 45 League T82"]
[Site "Internet Chess Club"]
[Date "2019.09.28"]
[Round "1"]
[White "dabodhi"]
[Black "g8wrb"]
[Result "1-0"]
[WhiteElo "1306"]
[BlackElo "1284"]
[Opening "French: advance, Euwe variation"]
[ECO "C02"]
[Time "13:01:29"]
[TimeControl "2700+45"]

1. e4 e6 2. d4 d5 3. e5 c5 4. c3 Nc6 5. Nf3 Bd7 6. Bd3 cxd4 7. cxd4 Qb6 8. O-O
Nxd4 9. Nxd4 Qxd4 10. Nc3 Qxe5 11. Re1 Qd6 12. Nb5 Qc6 13. Bf4 Bc5 14. Nc7+ Ke7
15. Nxa8 Nf6 16. Nc7 Rc8 17. Rc1 Rxc7 18. Bxc7 Qxc7 19. b4 Bxf2+ 20. Kxf2 Qb6+
21. Kf1 Qxb4 22. Qf3 Bc6 23. Qg3 Qd6 24. Qxd6+ Kxd6 25. Ra1 e5 26. a4 d4 27. Bc4
Ng4 28. Kg1 f5 29. Bb5 e4 30. Bxc6 bxc6 31. h3 Ne3 32. Rxe3 dxe3 33. Re1 f4 34.
g3 Ke5 35. gxf4+ Kxf4 36. Kg2 g5 37. Kf1 h5 38. Ke2 g4 39. Rf1+ Kg3 40. hxg4
hxg4 41. Rg1+ Kf4 42. Rf1+ Kg3 43. Kxe3 {Black resigns} 1-0

[Event "Team 45 45 League T82"]
[Site "Internet Chess Club"]
[Date "2019.09.29"]
[Round "1"]
[White "CMAlge"]
[Black "stantheman59"]
[Result "1-0"]
[WhiteElo "1312"]
[BlackElo "1242"]
[Opening "King's pawn game"]
[ECO "C50"]
[Time "11:04:25"]
[TimeControl "2700+45"]

1. e4 e5 2. Nf3 Nc6 3. Bc4 a6 4. a4 Nf6 5. Ng5 d5 6. exd5 Nxd5 7. Nxf7 Kxf7 8.
Qf3+ Ke6 9. Nc3 Nd4 10. Bxd5+ Kd6 11. Qd3 Bf5 12. Be4 Bxe4 13. Nxe4+ Kd7 14. c3
Kc8 15. cxd4 c5 16. Qh3+ Kc7 17. O-O cxd4 18. d3 Qd5 19. Bd2 a5 20. Rfc1+ Kb6
21. Rc4 Bb4 22. Bxb4 axb4 23. Rxb4+ Ka7 24. Rb5 Qd8 25. Qe6 Rc8 26. Qxe5 Re8 27.
Ra5+ Qxa5 28. Qxa5+ Kb8 29. Nd6 Re2 30. Nxc8 Kxc8 31. Rc1+ Kb8 32. Qd8+ Ka7 33.
g3 {Black resigns} 1-0